 Dungeon Crawl Stone Soup version 0.31-a0-175-g9f7f995f2b (webtiles) character file.

Game seed: 13564900122207477281

264 olmar the Insei (level 6, -3/38 HPs)
             Began as an Octopode Transmuter on June 16, 2023.
             Was an Initiate of Gozag.
             Killed by divine providence
             ... invoked by an orc priest
              (10 damage)
             ... on level 4 of the Dungeon.
             The game lasted 00:04:03 (2522 turns).

olmar the Insei (Octopode Transmuter)               Turns: 2522, Time: 00:04:04

Health: -3/38      AC:  1    Str:  9    XL:     6   Next: 19%
Magic:  10/10      EV: 13    Int: 17    God:    Gozag
Gold:   198        SH:  0    Dex: 13    Spells: 7/10 levels left

rFire   . .          .
                       - Unarmed
rCold   . . .        (no shield)
rNeg    . . .        (helmet restricted)
rPois   .            (no amulet)
rElec   .            d - ring of see invisible
rCorr   .            (no ring)
SInv    +            (no ring)
Will    .....        (no ring)
Stlth   +++          (no ring)
HPRegen 0.26/turn    (no ring)
MPRegen 0.12/turn    (no ring)
                     (no ring)

%: no passive effects
@: mighty, brilliant, gold aura
A: almost no armour, amphibious, 8 rings, camouflage 1, gelatinous body 1,
(nimble swimmer 1), tentacles
a: Renounce Religion, Potion Petition, Call Merchant, Bribe Branch


You were on level 4 of the Dungeon.
You worshipped Gozag.
Gozag was aware of your devotion.
You visited 2 branches of the dungeon, and saw 5 of its levels.

You collected 275 gold pieces.
You paid 77 gold pieces to Gozag.

Inventory:

Missiles
 b - 4 poisoned darts (quivered)
 g - 2 datura-tipped darts
Jewellery
 d - a ring of see invisible (left tentacle)
Scrolls
 c - 2 scrolls of teleportation {unknown}
 k - a scroll of silence {unknown}
 l - a scroll of noise {unknown}
 o - 2 scrolls of enchant weapon {unknown}
 q - a scroll of acquirement {unknown}
Potions
 h - a potion of degeneration
 i - 2 potions of mutation
 m - a potion of resistance {unknown}
 n - a potion of heal wounds {unknown}
 p - a potion of enlightenment {unknown}


   Skills:
 + Level 1.2 Fighting
 + Level 0.1 Throwing
 + Level 2.4 Dodging
 + Level 3.6 Stealth
 * Level 5.1 Unarmed Combat
 + Level 2.8 Spellcasting
 + Level 2.3 Transmutations


You had 7 spell levels left.
You knew the following spells:

 Your Spells              Type           Power      Damage    Failure   Level
a - Beastly Appendage     Tmut           30%        N/A       7%          1
b - Blink                 Tloc           6%         N/A       26%         2

Your spell library contained the following spells:

 Spells                   Type           Power      Damage    Failure   Level
 Wereblood                Tmut           15%        N/A       11%         2
 Magic Dart               Conj           12%        1d3       19%         1
 Call Imp                 Summ           6%         N/A       26%         2
 Lesser Beckoning         Tloc           6%         N/A       26%         2
 Momentum Strike          Conj/Tloc      6%         3d8       26%         2
 Searing Ray              Conj           6%         2d4       26%         2
 Sublimation of Blood     Necr           3%         N/A       26%         2
 Spider Form              Tmut/Pois      9%         N/A       32%         3
 Mephitic Cloud           Conj/Pois/Air  3%         N/A       47%         3
 Ice Form                 Ice/Tmut       9%         N/A       73%         4
 Fulminant Prism          Conj/Hex       1%         3d5       87%         4
 Leda's Liquefaction      Hex/Erth       1%         N/A       87%         4
 Lee's Rapid Deconstruct  Erth           1%         3d4*      99%         5
 Leda's Unmaking          Conj/Erth      1%         9d1       100%        6
 Statue Form              Tmut/Erth      6%         N/A       100%        6
 Summon Hydra             Summ           1%         N/A       100%        7


Dungeon Overview and Level Annotations

Branches:
Dungeon (4/15)             Temple (1/1) D:4

Altars:
Fedhas
Gozag
Hepliaklqana
Makhleb
Qazlal
Wu Jian
Xom
Yredelemnul
The Shining One


Innate Abilities, Weirdness & Mutations

You cannot wear most types of armour.
You are amphibious.
You can wear up to eight rings at the same time.
Your skin changes colour to match your surroundings (Stealth+).
Your rubbery body absorbs attacks. (AC +1, EV +1)
((You are camouflaged when in or above water. (Stealth+)))
You have tentacles for arms and can constrict up to eight enemies at once.


Message History

Aim: an orc priest, wielding a +0 hand axe (56% to hit)
You throw a poisoned dart. The poisoned dart hits the orc priest.
The orc priest is poisoned.
Unknown command.
Unknown command.
Throw: 5 darts (poison)
Press: ? - help, Q - select action, (/) - cycle Shift-Dir - straight line, f/p - orc priest
Aim: an orc priest, wielding a +0 hand axe (moderately wounded, poisoned, 56% to hit)
You throw a poisoned dart. The poisoned dart hits the orc priest.
The orc priest looks even sicker.
The orc priest is moderately wounded.
Unknown command.
You see here a +0 ring mail.
You start resting.
An orc priest is nearby!
The orc priest hits you with a +0 hand axe.
You are too injured to fight recklessly!
You are too injured to fight recklessly!
You tentacle-slap the orc priest but do no damage.
Your grab misses the orc priest.
The orc priest is severely wounded.
Unknown command.
Okay, then.
You aren't carrying any items that you can evoke.
You tentacle-slap the orc priest but do no damage.
You grab the orc priest. You tentacle-slap the orc priest.
You kill the orc priest!
The orc priest invokes the aid of Beogh against you.
Beogh smites you!
* * * LOW HITPOINT WARNING * * *
Unknown command.
It was a potion of brilliance.
You feel clever all of a sudden.
Unknown command.
It was a potion of might.
You feel very mighty all of a sudden.
The orc priest mumbles some strange prayers to Beogh against you.
Beogh smites you!
You die...
Your body crumbles into a pile of gold.

.....##......##########.
.....##.................
.....##......$..........
##.####...............#
##.#.....$............#
......#######.........
.##.#.##### #......##
###.......###)##.#..#
##..###....#))##@##.####
....#.#........o.......!
#.###.###.##.###[...####
#.#..o.o#.#$$# ###...#
..###.###..$##### #....#
....#.(.o((....... .....
g.###..######### ....
..... ..#. #.#(#.


You could see an orc priest.

Vanquished Creatures
  4 orc priests (D:4)
  A jelly (D:4)
  An iguana (D:4)
  4 adders
  A dart slug (D:4)
  4 orcs (D:4)
  4 bats
  4 endoplasms
  2 giant cockroaches (D:2)
  3 goblins (D:1)
  4 hobgoblins
  6 quokkas
  6 ball pythons
  3 frilled lizards
  2 kobolds (D:1)
  9 rats
58 creatures vanquished.

Notes
Turn   | Place    | Note
-------+----------+-------------------------------------------
     0 | D:1      | olmar the Octopode Transmuter began the quest for the Orb.
     0 | D:1      | Reached XP level 1. HP: 13/13 MP: 3/3
   107 | D:1      | Reached XP level 2. HP: 15/18 MP: 5/5
   321 | D:1      | Reached XP level 3. HP: 18/23 MP: 6/6
   898 | D:2      | Reached skill level 1 in Stealth
   922 | D:2      | Reached XP level 4. HP: 28/28 MP: 7/7
   957 | D:2      | Reached skill level 4 in Unarmed Combat
  1969 | D:3      | Found a glowing golden altar of the Shining One.
  2038 | D:4      | Found a staircase to the Ecumenical Temple.
  2049 | Temple   | Entered the Ecumenical Temple
  2054 | Temple   | Became a worshipper of Gozag Ym Sagoz the Greedy
  2075 | D:4      | Reached XP level 5. HP: 9/33 MP: 7/9
  2348 | D:4      | Learned a level 2 spell: Blink
  2473 | D:4      | Reached skill level 5 in Unarmed Combat
  2473 | D:4      | Reached XP level 6. HP: 19/38 MP: 10/10
  2522 | D:4      | Killed from afar by an orc priest

Illustrated notes

Levels and vault maps discovered:
D:1:      onia_arrival_handbag, layout_rooms, minmay_stone_trees_small
D:2:      layout_loops_ring, minmay_statues_item
D:3:      layout_loops_ring, general_overflow_altar
D:4:      layout_rooms, mainiacjoe_overflow_paths, temple_pool_b,
          gammafunk_ghost_nasty_kobolds, minmay_a_box_with_orc_wizards_in_it
Temple:   hellmonk_temple_micro_hex

Skill      XL: |  1  2  3  4  5 |
---------------+----------------+-----
Stealth        | 1 2 3 |  3.6
Unarmed Combat | 4 5 |  5.1
Fighting       | |  1.2
Throwing       | |  0.1
Dodging        | |  2.4
Spellcasting   | |  2.8
Transmutations | |  2.3

Action                     |  1- 3 |  4- 6 || total
---------------------------+-------+-------++-------
  Melee: Unarmed           |    83 |    47 ||   130
         Constrict         |    23 |    10 ||    33
         Tentacles         |    11 |    10 ||    21
         Kick              |     6 |     3 ||     9
         Punch             |     1 |     4 ||     5
  Throw: Dart              |     1 |     6 ||     7
   Cast: Beastly Appendage |    10 |     1 ||    11
    Use: Scroll            |       |     3 ||     3
         Potion            |       |     4 ||     4
   Stab: Sleeping          |    11 |     3 ||    14
         Invisible         |       |     3 ||     3
         Distracted        |       |     1 ||     1
 Armour: Skin              |    11 |     3 ||    14
  Dodge: Dodged            |    49 |    23 ||    72

Table legend: (Time is in decaauts)
 A = Elapsed time spent in this place.
 B = Non-inter-level travel time spent in this place.
 C = Inter-level travel time spent in this place.
 D = Time resting spent in this place.
 E = Time spent auto-exploring this place.
 F = Levels seen in this place.
 G = Mean time per level.
                   A        B        C        D        E       F      G
               +--------+--------+--------+--------+--------+-----+--------+
         Total |   2511 |   2427 |     84 |    363 |   1625 |   5 |  502.2 |
       Dungeon |   2500 |   2416 |     84 |    363 |   1625 |   4 |  625.0 |
        Temple |     11 |     11 |      0 |      0 |      0 |   1 |   11.0 |
               +--------+--------+--------+--------+--------+-----+--------+

Top non-repeatable levels by time:
     D:1: 697 daAuts
     D:2: 676 daAuts
     D:3: 651 daAuts
     D:4: 474 daAuts
  Temple: 11 daAuts
